 Dungeon Crawl Stone Soup version 0.30-a0-830-gfe289a7 (webtiles) character file.

Game seed: 15080446353374423351

38 Illumine the Chopper (level 3, -9/33 HPs)
             Began as a Hill Orc Monk on Feb 28, 2023.
             Mangled by a gnoll
             ... wielding a +0 halberd
              (14 damage)
             ... on level 2 of the Dungeon.
             The game lasted 00:02:18 (1392 turns).

Illumine the Chopper (Hill Orc Monk)                Turns: 1392, Time: 00:02:18

Health: -9/33      AC:  4    Str: 15    XL:     3   Next: 43%
Magic:  3/3        EV: 12    Int: 10    God:
Gold:   88         SH:  0    Dex: 13    Spells: 2/2 levels left

rFire   . . .      SeeInvis .    l - +4 short sword (elec)
rCold   . . .      Faith    .    (no shield)
rNeg    . . .      Spirit   .    i - +0 leather armour
rPois   +          Reflect  .    j - +0 helmet
rElec   .          Harm     .    e - scarf {repulsion}
rCorr   .          Rampage  .    (no gloves)
Will    .....                    (no boots)
Stlth   +                        (no amulet)
HPRegen 0.25/turn                f - ring of poison resistance
MPRegen 0.08/turn                (no ring)

@: confused, ambrosia-drunk, repel missiles
A: no striking features
a: no special abilities


You were on level 2 of the Dungeon.
You visited 1 branch of the dungeon, and saw 2 of its levels.

You collected 88 gold pieces.

Inventory:

Hand Weapons
 a - a +0 hand axe
 l - a +4 short sword of electrocution (weapon)
Missiles
 d - 3 boomerangs (quivered)
Armour
 e - a scarf of repulsion (worn)
 i - a +0 leather armour (worn)
 j - a +0 helmet (worn)
Jewellery
 f - a ring of poison resistance (left hand)
Potions
 k - a potion of haste {unknown}


   Skills:
 + Level 4.1 Fighting
 * Level 5.0 Axes
 + Level 2.7 Dodging
 - Level 1.5 Stealth


You had 2 spell levels left.
You didn't know any spells.
Your spell library contained the following spells:

 Spells                   Type           Power      Damage    Failure   Level
 Apportation              Tloc           0%         N/A       43%         1
 Necrotise                Necr           0%         1d4       43%         1
 Summon Small Mammal      Summ           0%         N/A       43%         1


Dungeon Overview and Level Annotations

Branches:
Dungeon (2/15)

Altars:


Message History

The gnoll closely misses you.
Your endoplasm misses the gnoll.
Your giant cockroach bites the gnoll but does no damage.
The gnoll barely misses your endoplasm.
Your endoplasm hits the gnoll.
Found a mace.
Your giant cockroach closely misses the gnoll.
The gnoll hits your giant cockroach with a +0 halberd!
Your giant cockroach dies!
Your giant cockroach's corpse dissolves into shadows!
The gnoll hits your endoplasm with a +0 spear.
Your endoplasm dies!
Your endoplasm dissolves into shadows!
As you read the scroll labelled KUMNUNTU QAAXT, it crumbles to dust.
It is a scroll of amnesia.
You feel forgetful for a moment.
As you read the scroll labelled IVEYTENIUJ, it crumbles to dust.
The scroll dissolves into smoke.
It was a scroll of fog.
Throw: 3 boomerangs
Press: ? - help, Q - select action Shift-Dir - straight line, f - gnoll
Aim: a gnoll, wielding a +0 halberd (lightly wounded, 63% to hit)
You throw a boomerang.
The boomerang hits the gnoll but does no damage.
The gnoll is lightly wounded.
You are confused.
You feel invigorated. The gnoll closely misses you.
The gnoll hits you with a +0 halberd!
* * * LOW HITPOINT WARNING * * *
The gnoll barely misses you.
The gnoll hits you from afar with a +0 halberd!
* * * LOW HITPOINT WARNING * * *
The gnoll misses you. x2
The gnoll attacks as you move away! The gnoll misses you.
The gnoll closely misses you.
The gnoll hits you from afar with a +0 halberd!
* * * LOW HITPOINT WARNING * * *
You bump into the rock wall.
The gnoll hits you with a +0 spear.
* * * LOW HITPOINT WARNING * * *
The gnoll closely misses you.
The gnoll hits you from afar with a +0 halberd!
You die...

.# ### .# .... .#
...... .# .......
.## ........###
..###..........##
⌠...............##
### #.....§§§..#
g#### #.....§§g§@#
....# #.....§§g§g#
....# #....§.§g§.#
....###.gg..§§§..#
......g.....§§..##
..(.###..........#
....# #..........#
##### #..........#
#..........#


You could see 4 gnolls.

Vanquished Creatures
  A dart slug (D:1)
  4 endoplasms
  2 giant cockroaches (D:1)
  A goblin (D:1)
  4 hobgoblins (D:1)
  8 kobolds
  2 ball pythons (D:2)
  6 bats
  4 frilled lizards (D:1)
  2 rats
34 creatures vanquished.

Notes
Turn   | Place    | Note
-------+----------+-------------------------------------------
     0 | D:1      | Illumine the Hill Orc Monk began the quest for the Orb.
     0 | D:1      | Reached XP level 1. HP: 19/19 MP: 1/1
   166 | D:1      | Reached XP level 2. HP: 27/27 MP: 2/2
   763 | D:1      | Reached XP level 3. HP: 32/33 MP: 3/3
  1010 | D:2      | Reached skill level 5 in Axes
  1114 | D:2      | Found a faded altar of an unknown god.
  1392 | D:2      | Mangled by a gnoll

Illustrated notes

Levels and vault maps discovered:
D:1:      evilmike_arrival_fibonacci_small, layout_rooms, serial_park_tiny_1,
          st_stairs_12, serial_bayou_crossing
D:2:      layout_rooms, ebering_ecumenical_altar_abandoned, st_stairs_3

Skill      XL: |  1  2  3 |
---------------+----------+-----
Fighting       | 4 |  4.1
Axes           | 5 |  5.0
Dodging        | |  2.7
Stealth        | |  1.5

Action                     || total
---------------------------++-------
  Melee: Hand axe          ||   120
         Short sword       ||     2
  Throw: Boomerang         ||     1
    Use: Scroll            ||     3
         Potion            ||     1
   Stab: Sleeping          ||     2
 Armour: Leather armour    ||    32
         Robe              ||     8
  Dodge: Dodged            ||   107

Table legend: (Time is in decaauts)
 A = Elapsed time spent in this place.
 B = Non-inter-level travel time spent in this place.
 C = Inter-level travel time spent in this place.
 D = Time resting spent in this place.
 E = Time spent auto-exploring this place.
 F = Levels seen in this place.
 G = Mean time per level.
                   A        B        C        D        E       F      G
               +--------+--------+--------+--------+--------+-----+--------+
         Total |   1405 |   1330 |     75 |    138 |    792 |   2 |  702.5 |
       Dungeon |   1405 |   1330 |     75 |    138 |    792 |   2 |  702.5 |
               +--------+--------+--------+--------+--------+-----+--------+

Top non-repeatable levels by time:
     D:1: 969 daAuts
     D:2: 436 daAuts
